 Dungeon Crawl Stone Soup version 0.01-2115-ge649c80b0b (webtiles) character file.

Game seed: 15073262890138738860, levelgen mode: deterministic

77 Lanoc the Chopper (level 4, -4/38 HPs) Hill Orc Demonspawn. Began on June 11, 2020. Slain by a slime creature (10 damage) ... on level 2 of the Dungeon. The game lasted 00:00:58 (181 turns).

Lanoc the Chopper (Hill Orc Demonspawn)              Turns: 181, Time: 00:00:58

Health: -4/38      AC:  3    Str: 17    XL:     4 ^: 54
Magic:  4/6        EV: 12    Int: 12    God:
Gold:   0          SH:  0    Dex: 10    Spells: 5/6 levels left

rFire    . . .     Vision   .   a - +0 war axe
rCold    . . .     Gourm    .   (no weapon)
rNeg     . . .     Faith    .   b - +0 leather armour
rPois    .         Spirit   .   (helmet restricted)
rElec    .         Reflect  .   (no cloak)
rCorr    .         Harm     .   (no gloves)
MR       .....                  (no boots)
Stlth    +.........             (no amulet)
HPRegen  0.22/turn              (no ring)
MPRegen  0.16/turn              (no ring)

@: hasted, very quick
A: horns 1, rot immunity
a: no special abilities


You were on level 2 of the Dungeon.
You were not hungry.

You visited 1 branch of the dungeon, and saw 2 of its levels.

Inventory:

Weapons
 a - a +0 war axe (weapon)
Armour
 b - a +0 leather armour (worn)
Scrolls
 e - a scroll of teleportation
 g - a scroll of fog
 h - a scroll of fear
 i - a scroll of immolation
Potions
 c - a potion of might
Comestibles
 d - 3 rations


   Skills:
 + Level 3.1 Fighting
 * Level 4.0 Axes & Hammers
 + Level 1.4 Armour
 + Level 2.7 Dodging
 - Level 1.5 Stealth
 - Level 1.5 Spellcasting
   Level 3.6 Invocations


You had 5 spell levels left.
You knew the following spells:

 Your Spells              Type           Power        Failure   Level  Hunger
a - Flame Tongue          Fire           0 (40)       30%         1    ##.....

Your spell library contained the following spells:

 Spells                   Type           Power        Failure   Level  Hunger
 Blink                    Tloc           N/A          43%         2    ###....
 Call Imp                 Summ           0 (100)      43%         2    ###....
 Slow                     Hex            0 (100)      43%         2    ###....
 Conjure Flame            Fire           0 (100)      67%         3    ####...
 Mephitic Cloud           Pois/Air       0 (100)      67%         3    ####...


Dungeon Overview and Level Annotations

Branches:
Dungeon (2/8)

Altars:
Fedhas


Innate Abilities, Weirdness & Mutations

You have a pair of small horns on your head.
You are immune to rotting.


Message History

* * * LOW HITPOINT WARNING * * *
An ooze comes into view.
Casting: Flame Tongue (safe; 30% risk of failure)
Confirm with . or Enter, or press ? or * to list all spells.
Aiming: Flame Tongue (safe; 30% risk of failure)
Press: ? - help, Shift-Dir - straight line, f/p - slime creature
Aim: a slime creature (steam, water, heavily wounded (32/59))
The flame tongue misses the slime creature.
The ooze quivers.
The slime creature is engulfed in a cloud of scalding steam.
The slime creature hits you (2).
* * * LOW HITPOINT WARNING * * *
An ooze comes into view.
The slime creature is engulfed in a cloud of scalding steam.
The ooze quivers.
The withered plant is engulfed in a cloud of scalding steam.
You see here a leopard gecko corpse.
The jelly barely misses you (0).
You feel yourself speed up. The slime creature hits you (10)!
You die...

≈.....≈≈P≈≈≈≈≈≈≈≈≈≈.≈≈≈≈
≈≈.≈≈.[..PP≈≈≈≈≈≈≈..≈≈≈≈
..≈≈J.≈≈...PP≈≈≈≈≈.≈≈≈≈≈
.≈≈J≈J≈≈≈.PPP.≈≈≈≈.≈..≈≈
≈≈≈≈..≈≈..PP...≈.....≈≈≈
≈≈≈..J≈≈.≈P..≈...≈≈≈.≈≈≈
≈≈≈.≈≈≈††≈P.≈≈≈.≈≈≈≈≈≈≈≈≈
≈≈....≈†JJ.≈≈≈.≈≈≈≈≈≈≈≈≈P
≈≈.##.##.@##.##.≈≈≈≈≈≈≈P#
≈≈≈... ##≈≈..≈.#≈§≈≈P≈P.#
.≈.. ##.......≈≈≈PP..#
.≈.#. ##≈.....≈≈≈≈P≈≈
≈≈.# #...≈#.≈≈≈PP≈≈ ≈≈
##P###≈.≈PP≈P.
##..P###.≈PPPP.P
#≈####≈≈≈≈≈≈PP≈P
##<##≈≈#†≈≈≈≈≈≈P


You could see a slime creature, a jelly and 4 oozes.

Vanquished Creatures
  2 jellies (D:2)
  A cinder newt (D:2)
  2 leopard geckos (D:2)
  3 giant cockroaches (D:2)
  A rat (D:1)
9 creatures vanquished.

Vanquished Creatures (others)
  A withered plant (D:2)
1 creature vanquished.

Grand Total: 10 creatures vanquished

Notes
Turn   | Place    | Note
-------+----------+-------------------------------------------
     0 | D:1      | Lanoc the Hill Orc Demonspawn began the quest for the Orb.
     0 | D:1      | Reached XP level 1. HP: 18/18 MP: 3/3
    50 | D:2      | Found a blossoming altar of Fedhas.
    68 | D:2      | Noticed a jelly
    80 | D:2      | Killed a jelly
    80 | D:2      | Reached skill level 3 in Axes & Hammers
    80 | D:2      | Reached skill level 1 in Armour
    80 | D:2      | Gained mutation: You are immune to rotting. [demonic
                  | ancestry]
    80 | D:2      | Reached XP level 2. HP: 25/25 MP: 1/4
    80 | D:2      | Gained mutation: You have a pair of small horns on your
                  | head. [demonic ancestry]
    80 | D:2      | Reached XP level 3. HP: 30/30 MP: 1/5
    99 | D:2      | Reached skill level 4 in Axes & Hammers
    99 | D:2      | Reached XP level 4. HP: 36/38 MP: 0/6
   110 | D:2      | Noticed a slime creature
   181 | D:2      | Slain by a slime creature

Levels and vault maps discovered:
D:1:      lightli_iron_boxes, layout_loops_ring, first_ration
D:2:      layout_sewer, fedhas_ov_isle_minmay, minmay_circle_x

Skill      XL: |  1  2  3 |
---------------+----------+-----
Axes & Hammers | 3 4 |  4.0
Armour         | 1 |  1.4
Fighting       | 3 |  3.1
Dodging        | |  2.7
Stealth        | |  1.5
Spellcasting   | |  1.5
Invocations    | |  3.6

Action                   |  1- 3 |  4- 6 || total
-------------------------+-------+-------++-------
Melee: War axe           |     7 |     6 ||    13
       Unarmed           |     3 |     5 ||     8
 Cast: Flame Tongue      |     3 |     3 ||     6
  Use: Potion            |       |     1 ||     1
 Stab: Sleeping          |     1 |       ||     1
Armor: Leather armour    |     5 |     1 ||     6
Dodge: Dodged            |    12 |     4 ||    16
